 Dungeon Crawl Stone Soup version 0.29.0-4-gdea44cf6ec (webtiles) character file.

Game seed: 16821215511224864230

627 qw the Cleaver (level 7, -2/90 HPs)
             Began as a Minotaur Berserker on Sept 9, 2022.
             Was a Believer of Trog.
             Slain by a gnoll
             ... wielding a +0 spear
              (3 damage)
             ... on level 5 of the Dungeon.
             The game lasted 00:01:26 (4969 turns).

qw the Cleaver (Minotaur Berserker)                 Turns: 4969, Time: 00:01:27

Health: -2/90      AC: 10    Str: 21 (23) XL:     7   Next: 23%
Magic:  0/6        EV:  8    Int:  4      God:    Trog [**....]
Gold:   184        SH:  0    Dex: 10      Spells: 6/6 levels left

rFire   + . .      SeeInvis .   Y - +1 hand axe
rCold   . . .      Faith    .   (no shield)
rNeg    . . .      Spirit   +   a - +0 chain mail
rPois   +          Reflect  .   (helmet restricted)
rElec   .          Harm     .   (no cloak)
rCorr   .          Rampage  .   (no gloves)
Will    .....                   c - +0 pair of boots
Stlth   ..........              g - amulet of guardian spirit
HPRegen 0.25/turn               f - ring of poison resistance
MPRegen 0.10/turn               h - ring of protection from fire

@: berserking, very quick
A: horns 2, retaliatory headbutt
a: Renounce Religion, Berserk, Trog's Hand


You were on level 5 of the Dungeon.
You worshipped Trog.
Trog was pleased with you.
You visited 1 branch of the dungeon, and saw 5 of its levels.

You collected 184 gold pieces.


Innate Abilities, Weirdness & Mutations

You have a pair of horns on your head.
You reflexively headbutt those who attack you in melee.


   Skills:
 + Level 4.9 Fighting
 - Level 9.2 Axes
 - Level 3.3 Armour
 - Level 2.1 Dodging


You had 6 spell levels left.
You didn't know any spells.
Your spell library was empty.

Inventory:

Hand Weapons
 d - a +0 flail
 Y - a +1 hand axe (weapon)
Armour
 a - a +0 chain mail (worn)
 c - a +0 pair of boots (worn)
Jewellery
 b - a ring of positive energy
 f - a ring of poison resistance (left hand)
 g - an amulet of guardian spirit (around neck)
 h - a ring of protection from fire (right hand)
Scrolls
 l - 2 scrolls of teleportation
 n - 3 scrolls of identify
Potions
 m - a potion of might

Dungeon Overview and Level Annotations

Branches:
Dungeon (5/15)
 Temple: D:4-7

Altars:
Zin

Annotations:
D:4 2 runed translucent doors, qw's ghost, amateur GrFi
D:5 1 transporter


Message History

You closely miss the hound.
The gnoll hits you from afar with a +0 spear.
The gnoll hits you but does no damage. x2
The hound bites you but does no damage.
You hit the gnoll.
The gnoll is severely wounded.
You closely miss the hound. The hound closely misses you.
You furiously retaliate!
You headbutt the hound!
The gnoll hits you from afar with a +0 spear.
The gnoll misses you. The gnoll hits you but does no damage.
You slash the gnoll!
You kill the gnoll!
Trog accepts your kill.
You completely miss the hound. The hound closely misses you.
You furiously retaliate!
You headbutt the hound. The gnoll hits you but does no damage.
The gnoll closely misses you. The hound bites you.
You slash the hound!
You kill the hound!
Trog accepts your kill.
The gnoll hits you from afar with a +0 spear!
The gnoll hits you from afar with a +0 halberd!
4966 ||| INVOKING Berserk.
A red film seems to cover your vision as you go berserk!
You feel yourself moving faster!
You feel mighty!
The gnoll hits you from afar with a +0 spear!
The gnoll hits you from afar with a +0 halberd!
You feel a strong urge to attack something.
Things that are here:
a +0 flail; a hound corpse; a gnoll corpse You slash the gnoll!
Your headbutt misses the gnoll.
The gnoll is almost dead.
You closely miss the gnoll. The gnoll hits you but does no damage.
The gnoll hits you with a +0 halberd!
You hit the gnoll.
You kill the gnoll!
Trog accepts your kill.
You closely miss the gnoll. The gnoll hits you with a +0 spear.
You die...

...... ## # .
.......# .# ..
....#.# ..#.
... ...#.##....
.. ........
#.#.....
#..hg.# #@)#
##########.#
.0..0.#.#..#
......#....#
.#.#..#....#
..!^..#^...#
.#.#..#...#####
......#.......#
.0..0.#######.#


You could see a hound and a gnoll.

Vanquished Creatures
  A water moccasin (D:5)
  An ice beast (D:5)
  A hound (D:5)
  3 orc priests
  An iguana (D:5)
  Ijyb (D:3)
  Terence (D:2)
  An orc wizard (D:5)
  Natasha (D:3)
  7 gnolls (D:5)
  4 adders
  3 worms
  A dart slug (D:4)
  9 orcs
  4 endoplasms
  5 giant cockroaches
  8 goblins
  8 hobgoblins
  4 kobolds
  3 quokkas
  5 ball pythons
  3 bats
  3 frilled lizards
  6 rats
84 creatures vanquished.

Vanquished Creatures (others)
  4 fungi (D:3)
  3 plants (D:3)
7 creatures vanquished.

Grand Total: 91 creatures vanquished

Notes
Turn   | Place    | Note
-------+----------+-------------------------------------------
     0 | D:1      | qw the Minotaur Berserker began the quest for the Orb.
     0 | D:1      | Reached XP level 1. HP: 19/19 MP: 0/0
     0 | D:1      | 0 ||| qw: Version: 0.1-a-113-g051387a
     0 | D:1      | 0 ||| qw: Game counter: 6918
     0 | D:1      | 0 ||| qw: Always use a shield: true
     0 | D:1      | 0 ||| qw: Do Orc after D:15 true
     0 | D:1      | 0 ||| qw: Do second Lair branch before Depths: true
     0 | D:1      | 0 ||| qw: Lair rune preference: random
     0 | D:1      | 0 ||| qw: Plans: Normal
     0 | D:1      | 0 ||| PLANNING D:1-11
    94 | D:1      | Reached skill level 4 in Axes
   184 | D:1      | Reached XP level 2. HP: 26/26 MP: 1/1
   523 | D:1      | 523 ||| Stepping ~*~*~tactically~*~*~ (stealth).
   524 | D:1      | 524 ||| Stepping ~*~*~tactically~*~*~ (stealth).
   586 | D:1      | 586 ||| Stepping ~*~*~tactically~*~*~ (stealth).
   614 | D:1      | Reached skill level 5 in Axes
   856 | D:1      | 856 ||| UPGRADING to +0 scale mail.
   866 | D:1      | 866 ||| DROPPING +0 animal skin.
   867 | D:1      | 867 ||| UPGRADING to amulet of guardian spirit.
   872 | D:1      | 872 ||| UPGRADING to ring of poison resistance.
   873 | D:1      | 873 ||| UPGRADING to ring of protection from fire.
   874 | D:1      | 874 ||| READING scroll labelled ZUBLIG QAYQOHIAN.
   875 | D:1      | 875 ||| READING scroll labelled FUTOPH AXYEPS.
   876 | D:1      | 876 ||| READING 3 scrolls labelled JANIOPNE DEUT.
  1016 | D:2      | Reached XP level 3. HP: 31/31 MP: 2/2
  1232 | D:2      | 1232 ||| INVOKING Berserk.
  1349 | D:2      | 1349 ||| INVOKING Berserk.
  1580 | D:2      | Reached ** piety under Trog
  1599 | D:2      | Noticed Terence
  1604 | D:2      | 1604 ||| INVOKING Berserk.
  1606 | D:2      | Killed Terence
  1607 | D:2      | Reached skill level 6 in Axes
  1607 | D:2      | Reached XP level 4. HP: 39/39 MP: 3/3
  2074 | D:2      | 2074 ||| UPGRADING to +0 chain mail.
  2084 | D:2      | 2084 ||| UPGRADING to +0 pair of boots.
  2089 | D:2      | 2089 ||| DROPPING +0 scale mail.
  2090 | D:2      | 2090 ||| READING scroll labelled ZEDDYB YCHIU.
  2091 | D:2      | 2091 ||| READING scroll labelled OHESUIGYUDO.
  2092 | D:2      | 2092 ||| READING scroll labelled XELE SOEXY.
  2207 | D:3      | 2207 ||| Stepping ~*~*~tactically~*~*~ (hiding).
  2393 | D:3      | 2393 ||| Stepping ~*~*~tactically~*~*~ (stealth).
  2419 | D:3      | 2419 ||| Stepping ~*~*~tactically~*~*~ (stealth).
  2584 | D:3      | Found a faded altar of an unknown god.
  2631 | D:3      | Noticed Ijyb
  2631 | D:3      | Noticed Natasha
  2632 | D:3      | 2632 ||| INVOKING Berserk.
  2636 | D:3      | Killed Ijyb
  2637 | D:3      | Reached skill level 7 in Axes
  2637 | D:3      | Reached XP level 5. HP: 45/45 MP: 4/4
  2640 | D:3      | Killed Natasha
  2686 | D:3      | 2686 ||| Stepping ~*~*~tactically~*~*~ (stealth).
  2691 | D:3      | 2691 ||| Stepping ~*~*~tactically~*~*~ (stealth).
  3074 | D:3      | Found a glowing silver altar of Zin.
  3141 | D:3      | 3141 ||| READING 3 scrolls labelled ZENWOLES ODYMN.
  3142 | D:3      | 3142 ||| READING scroll labelled QIENNOYLAE.
  3143 | D:3      | 3143 ||| READING 3 scrolls labelled FUTEZA NOHY.
  3144 | D:3      | 3144 ||| READING scroll labelled CUSTEB AXKI.
  3145 | D:3      | 3145 ||| DROPPING 2 scrolls of immolation.
  3146 | D:3      | 3146 ||| DROPPING 2 scrolls of poison.
  3175 | D:4      | 3175 ||| Stepping ~*~*~tactically~*~*~ (hiding).
  3179 | D:4      | 3179 ||| INVOKING Berserk.
  3320 | D:4      | Found a runed translucent door.
  3324 | D:4      | Noticed qw's ghost (amateur GrFi)
  3464 | D:4      | Found a runed translucent door.
  3537 | D:4      | 3537 ||| Stepping ~*~*~tactically~*~*~ (hiding).
  3538 | D:4      | 3538 ||| Stepping ~*~*~tactically~*~*~ (hiding).
  3881 | D:4      | 3881 ||| DRINKING 2 inky potions.
  3882 | D:4      | 3882 ||| DRINKING 2 purple potions.
  3883 | D:4      | 3883 ||| READING 6 scrolls of identify.
  3883 | D:4      | 3883 ||| IDENTIFYING white potion
  3884 | D:4      | 3884 ||| READING 5 scrolls of identify.
  3884 | D:4      | 3884 ||| IDENTIFYING ruby potion
  3885 | D:4      | 3885 ||| READING 4 scrolls of identify.
  3885 | D:4      | 3885 ||| IDENTIFYING clear potion
  3886 | D:4      | 3886 ||| DROPPING potion of ambrosia.
  3887 | D:4      | 3887 ||| DROPPING potion of flight.
  3888 | D:4      | 3888 ||| DROPPING potion of degeneration.
  3926 | D:5      | Entered Level 5 of the Dungeon
  3926 | D:5      | Noticed an ice beast
  3927 | D:5      | 3927 ||| INVOKING Berserk.
  3932 | D:5      | Killed an ice beast
  3933 | D:5      | Reached skill level 8 in Axes
  3933 | D:5      | Reached XP level 6. HP: 52/52 MP: 5/5
  3936 | D:5      | 3936 ||| STAIRDANCE
  4093 | D:5      | 4093 ||| STAIRDANCE
  4256 | D:5      | 4256 ||| Stepping ~*~*~tactically~*~*~ (hiding).
  4259 | D:5      | 4259 ||| INVOKING Berserk.
  4264 | D:5      | Reached skill level 3 in Armour
  4276 | D:5      | HP: 9/52 [orc priest/+0 falchion (5)]
  4277 | D:5      | 4277 ||| READING 3 scrolls of teleportation.
  4278 | D:5      | 4278 ||| DRINKING potion of heal wounds.
  4462 | D:5      | 4462 ||| INVOKING Berserk.
  4486 | D:5      | Noticed a water moccasin
  4487 | D:5      | 4487 ||| FLEEEEING.
  4488 | D:5      | 4488 ||| STAIRDANCE
  4624 | D:4      | 4624 ||| READING 3 scrolls of identify.
  4624 | D:4      | 4624 ||| IDENTIFYING fuming ruby potion
  4625 | D:4      | 4625 ||| DROPPING potion of attraction.
  4651 | D:5      | 4651 ||| INVOKING Berserk.
  4657 | D:5      | Killed a water moccasin
  4658 | D:5      | Reached skill level 9 in Axes
  4658 | D:5      | Reached XP level 7. HP: 59/59 MP: 4/6
  4675 | D:5      | 4675 ||| FLEEEEING.
  4676 | D:5      | 4676 ||| STAIRDANCE
  4870 | D:5      | 4870 ||| DROPPING +0 whip.
  4939 | D:5      | Found a transporter.
  4966 | D:5      | 4966 ||| INVOKING Berserk.
  4966 | D:5      | HP: 17/90 [gnoll/+0 spear (7)]
  4968 | D:5      | HP: 1/90 [gnoll/+0 halberd (8)]
  4969 | D:5      | Slain by a gnoll

Levels and vault maps discovered:
D:1:      scummos_arrival_hexagon, layout_basic, amcnicky_mini_pool_small
D:2:      layout_loops_corners, uniq_terence
D:3:      layout_loops_corners, old_standard_altar,
          shapermc_ecumenical_altar_gd, uniq_ijyb, uniq_natasha
D:4:      layout_loops_ring, ebering_ghost_sewer_f
D:5:      gammafunk_cloud_chamber, layout_loops_ring, kennysheep_mini,
          grunt_decor_cap

Skill      XL: |  1  2  3  4  5  6 |
---------------+-------------------+-----
Axes           | 4 5 6 7 8 9 |  9.2
Fighting       | 4 |  4.9
Armour         | 3 |  3.3
Dodging        | |  2.1

Action                   |  1- 3 |  4- 6 |  7- 9 || total
-------------------------+-------+-------+-------++-------
Melee: Hand axe          |    78 |   126 |    25 ||   229
       Headbutt          |    10 |    20 |     1 ||    31
       Punch             |       |     1 |       ||     1
Invok: Berserk           |     3 |     6 |     1 ||    10
  Use: Scroll            |     3 |    12 |       ||    15
       Potion            |       |     3 |       ||     3
Armor: Animal skin       |     3 |       |       ||     3
       Scale mail        |    18 |     1 |       ||    19
       Chain mail        |       |    37 |    18 ||    55
Dodge: Dodged            |    27 |    33 |    12 ||    72

Table legend:
 A = Non-vault XP
 B = Vault XP
 C = Vault XP percentage of total XP
 D = Non-vault monster count
 E = Vault monster count
 F = Vault count percentage of total count
                 A         B        C        D         E       F
            +---------+---------+-------+---------+---------+-------
      Total |     805 |     107 |  11.7 |      81 |       3 |   3.6
            +---------+---------+-------+---------+---------+-------
        D:1 |      38 |       0 |   0.0 |      21 |       0 |   0.0
        D:2 |      57 |      36 |  38.7 |      17 |       1 |   5.6
        D:3 |      46 |      71 |  60.7 |      19 |       2 |   9.5
        D:4 |      79 |       0 |   0.0 |       9 |       0 |   0.0
        D:5 |     585 |       0 |   0.0 |      15 |       0 |   0.0
            +---------+---------+-------+---------+---------+-------
